 Dungeon Crawl Stone Soup version 0.28-a0-2-g643f2454ad (webtiles) character file.

Game seed: 4628925868195602415

13 Spectrina the Sneak (level 2, 0/25 HPs)
             Began as a Djinni Delver on July 23, 2021.
             Was an Initiate of Ashenzari.
             Slain by an adder (3 damage)
             ... on level 5 of the Dungeon.
             The game lasted 00:02:39 (452 turns).

Spectrina the Sneak (Djinni Delver)                  Turns: 452, Time: 00:02:39

Health: 0/25       AC:  3    Str: 11    XL:     2   Next: 50%
Gold:   26         EV: 12    Int: 11    God:    Ashenzari [......] SH:  0 Dex: 14

rFire   + + .      SeeInvis .     - Unarmed
rCold   x . .      Faith    .   (no shield)
rNeg    . . .      Spirit   .   a - +0 leather armour
rPois   ∞          Reflect  .   (no helmet)
rElec   .          Harm     .   (no cloak)
rCorr   .          Rampage  .   (no gloves)
Will    .....                   (boots unavailable)
Stlth   ++........              (no amulet)
HPRegen 0.08/turn               (no ring)
MPRegen 0.00/turn               (no ring)

@: flying, hasted, very quick
A: sickness immunity, fire resistance 2, cold vulnerability 1, float, innate
caster, hp casting, extra vitality 1
a: Renounce Religion


You were on level 5 of the Dungeon.
You worshipped Ashenzari.
Ashenzari was noncommittal.
You visited 2 branches of the dungeon, and saw 3 of its levels.

You collected 26 gold pieces.

Inventory:

Armour
 a - a +0 leather armour (worn)
Wands
 f - a wand of digging (3)
 g - a wand of iceblast (9)
Scrolls
 b - a scroll of fog
 c - a scroll of magic mapping


   Skills:
 - Level 3.0 Fighting
 - Level 2.1 Dodging
 - Level 4.1 Stealth
 - Level 2.0 Unarmed Combat
 + Level 1.4 Spellcasting


You had 3 spell levels left.
You didn't know any spells.
Your spell library was empty.

Dungeon Overview and Level Annotations

Branches:
Dungeon (6/15)             Temple (1/1) D:5

Altars:
Ashenzari
Hepliaklqana
Nemelex Xobeh
Okawaru
Uskayaw
Vehumet
Xom
Yredelemnul
The Shining One


Innate Abilities, Weirdness & Mutations

You are immune to sickness and miasma.
You are immune to poison.
Your flesh is very heat resistant. (rF++)
You are vulnerable to cold. (rC-)
You float through the air rather than walking.
You learn spells naturally, not from books.
Your magical power is your life essence.
You have superior vitality. (+4 HP)


Message History

The orc hits you with a +0 club.
* * * LOW HITPOINT WARNING * * *
You hit the orc but do no damage.
The orc is lightly wounded.
The orc hits you but does no damage.
Okay, then.
Okay, then.
As you read the scroll of fear, it crumbles to dust.
You assume a fearsome visage.
The orc looks frightened!
Unknown command.
The orc shouts!
You hear a shout!
An orc comes into view. It is wielding a +0 hand axe.
There is an open door here.
Unknown command.
A phantom comes into view.
Unknown command.
Unknown command.
The jelly quivers.
Unknown command.
The phantom closely misses you.
Found an escape hatch in the ceiling.
A troll comes into view.
An adder comes into view.
Found a stone staircase leading up.
Unknown command.
An adder comes into view.
The troll shouts!
Unknown command.
There is an escape hatch in the ceiling here.
Unknown command.
The adder hisses angrily.
The adder bites you but does no damage. The adder bites you.
* * * LOW HITPOINT WARNING * * *
Unknown command.
The adder bites you.
* * * LOW HITPOINT WARNING * * *
The adder bites you.
* * * LOW HITPOINT WARNING * * *
You feel yourself speed up. The adder bites you.
You die...

#.####..####..##.#.###.#
.......o......##....###.
.....<...W##.###.....###
........<#.#.# ##...##
#....#..###..# ##.##
.......SW# ..# ###
#.##.##T#.#### .. #S###
#.# #@# # #.# #.# #.#
#.# #.# #.# #..


You could see a troll, a phantom, 2 adders and an orc.

Vanquished Creatures
  A howler monkey skeleton (D:5)
  An orc (D:5)
  A kobold (D:5)
3 creatures vanquished.

Notes
Turn   | Place    | Note
-------+----------+-------------------------------------------
     0 | D:5      | Spectrina the Djinni Delver began the quest for the Orb.
     0 | D:5      | Reached XP level 1. HP: 20/20 MP: 0/0
    45 | D:5      | Noticed a water moccasin
    53 | D:6      | Noticed a sky beast
    59 | D:5      | Noticed a sky beast
    82 | D:5      | Found a staircase to the Ecumenical Temple.
    92 | Temple   | Entered the Ecumenical Temple
   159 | Temple   | Became a worshipper of Ashenzari the Shackled
   257 | D:6      | Noticed a kobold brigand
   257 | D:6      | Noticed a wyvern zombie
   257 | D:6      | Noticed a bullfrog
   282 | D:5      | Reached skill level 1 in Spellcasting
   282 | D:5      | Reached XP level 2. HP: 16/25 MP: 0/0
   430 | D:5      | Noticed a phantom
   440 | D:5      | Noticed a troll
   452 | D:5      | Slain by an adder

Illustrated notes

Levels and vault maps discovered:
D:5:      layout_loops_cross, minmay_temple_entry_poolview, nrook_mini_vaults,
          uniq_prince_ribbit1
D:6:      layout_cave_pools, minmay_misc_feat_secret_circle
Temple:   dpeg_five_rooms_temple

Skill      XL: |  1 |
---------------+----+-----
Spellcasting   | 1 |  1.4
Fighting       | |  3.0
Dodging        | |  2.1
Stealth        | |  4.1
Unarmed Combat | |  2.0

Action                   || total
-------------------------++-------
Melee: Unarmed           ||    39
       Punch             ||     1
  Use: Scroll            ||     1
       Potion            ||     1
Armor: Leather armour    ||     5
Dodge: Dodged            ||    20

Table legend: (Time is in decaauts)
 A = Elapsed time spent in this place.
 B = Non-inter-level travel time spent in this place.
 C = Inter-level travel time spent in this place.
 D = Time resting spent in this place.
 E = Time spent auto-exploring this place.
 F = Levels seen in this place.
 G = Mean time per level.
                   A        B        C        D        E       F      G
               +--------+--------+--------+--------+--------+-----+--------+
         Total |    452 |    405 |     47 |      0 |      0 |   3 |  150.7 |
       Dungeon |    332 |    332 |      0 |      0 |      0 |   2 |  166.0 |
        Temple |    119 |     72 |     47 |      0 |      0 |   1 |  119.0 |
               +--------+--------+--------+--------+--------+-----+--------+

Top non-repeatable levels by time:
     D:5: 327 daAuts
  Temple: 119 daAuts
     D:6: 4 daAuts
